 Dungeon Crawl Stone Soup version bcrawl-1.28 (webtiles) character file.

Game seed: 11797267766474075230

173968 MisterOstroum the Conjurer (level 7, 0/50 HPs)
             Began as a Demonspawn Conjurer on Nov 28, 2020.
             Was a Follower of Uskayaw.
             Shot with an arrow by a centaur (11 damage)
             ... on level 5 of the Dungeon on Nov 29, 2020.
             The game lasted 00:11:24 (4754 turns).

MisterOstroum the Conjurer (Demonspawn Conjurer)    Turns: 4754, Time: 00:11:25

Health: 0/50       AC:  2    Str:  8    XL:     7   Next: 22%
Magic:  5/11       EV: 15    Int: 18    God:    Uskayaw [*.....]
Gold:   231        SH:  0    Dex: 14    Spells: 1/12 levels left

rFire    + . .     SeeInvis .   b - +0 hunting sling
rCold    . . .     Gourm    .   (no shield)
rNeg     . . .     Faith    .   f - +0 robe
rPois    .         Spirit   .   (no helmet)
rElec    .         Reflect  .   (no cloak)
rCorr    .         Harm     .   (no gloves)
MR       .....                  (no boots)
Stlth    ++........             (no amulet)
HPRegen  0.16/turn              (no ring)
MPRegen  0.12/turn              (no ring)

@: no status effects
A: hooves 2, repulsion field 1, fire resistance 1, powered by death 1
a: Stomp, Renounce Religion


You were on level 5 of the Dungeon.
You worshipped Uskayaw.
Uskayaw was noncommittal.
You were hungry.

You visited 2 branches of the dungeon, and saw 6 of its levels.

You collected 231 gold pieces.

Inventory:

Hand Weapons
 a - a +0 dagger of draining
 b - a +0 hunting sling (weapon)
 d - a +0 spear
 D - a +2 dagger of draining
 G - a +0 rapier
Missiles
 g - 537 sling bullets (quivered)
 h - 1370 stones
 i - 50 poisoned needles
 p - 663 arrows
 r - 460 bolts
Armour
 f - a +0 robe (worn)
 E - a +0 buckler
Jewellery
 y - an uncursed amulet of guardian spirit {unknown}
Wands
 H - a wand of iceblast (7)
 I - a wand of paralysis (9)
Scrolls
 j - a scroll of enchant weapon {unknown}
 l - 2 scrolls of teleportation {unknown}
 n - 3 scrolls of enchant armour {unknown}
 o - 3 scrolls of remove curse {unknown}
 q - a scroll of identify {@r1}
 t - a scroll of fear {unknown}
 u - a scroll of fog {unknown}
 F - a scroll of blinking {unknown}
Potions
 c - a potion of magic
 k - 2 potions of lignification {unknown}
 m - 4 potions of curing
 s - 2 potions of flight
 v - a potion of might {unknown}
 w - a potion of agility {unknown}
 x - 2 potions of berserk rage
 z - a potion of heal wounds {unknown}
 A - a potion of degeneration {unknown}
 B - a potion of resistance {unknown}
 C - a potion of haste {@q4 !q}
Comestibles
 e - 7 rations {!d}
 J - 4 chunks of flesh


   Skills:
 - Level 2.0 Fighting
 - Level 3.0 Dodging
 - Level 3.0 Stealth
 + Level 1.4 Shields
 + Level 3.3 Spellcasting
 * Level 6.7 Conjurations
 + Level 0.5 Transmutations


You had one spell level left.
You knew the following spells:

 Your Spells              Type           Power        Failure   Level  Hunger
a - Magic Dart            Conj           ####         1%          1    None
b - Searing Ray           Conj           ####....     1%          2    #......
c - Iskenderun's Mystic   Conj           ####....     3%          3    ####...
d - Irradiate             Conj/Tmut      ###.......   69%         5    ######.

Your spell library contained the following spells:

 Spells                   Type           Power        Failure   Level  Hunger
 Beastly Appendage        Tmut           #.....       13%         1    None
 Sticks to Snakes         Tmut           #.......     19%         2    #......
 Passwall                 Tmut/Erth      #.......     22%         2    #......
 Fulminant Prism          Conj/Hex       ###.......   36%         4    #####..
 Spider Form              Tmut/Pois      #..          38%         3    ####...
 Ice Form                 Ice/Tmut       #.......     80%         4    #####..
 Blade Hands              Tmut           #.........   98%         5    ######.


Dungeon Overview and Level Annotations

Branches:
Dungeon (5/12)             Temple (1/1) D:4

Altars:
Ashenzari
Cheibriados
Dithmenos
Elyvilon
Fedhas
Gozag
Hepliaklqana
Lugonu
Makhleb
Nemelex Xobeh
Okawaru
Ru
Uskayaw
Wu Jian
Yredelemnul
Zin

Shops:
D:4 [


Innate Abilities, Weirdness & Mutations

You have hoof-like feet.
You are surrounded by a mild repulsion field. (EV +2)
Your flesh is heat resistant. (rF+)
You regenerate a little health from kills.


Message History

a worker ant corpse; a hound corpse You hit the bullfrog zombie.
The bullfrog zombie is lightly damaged.
The bullfrog zombie misses you.
Casting: Magic Dart (safe; 1% risk of failure)
Confirm with . or Enter, or press ? or * to list all spells.
Aiming: Magic Dart (safe; 1% risk of failure)
Press: ? - help, Shift-Dir - straight line, f - bullfrog zombie
Aim: a bullfrog zombie (lightly damaged)
The magic dart hits the bullfrog zombie.
The bullfrog zombie is lightly damaged.
The bullfrog zombie hits you.
You hit the bullfrog zombie. You kick the bullfrog zombie.
The bullfrog zombie is moderately damaged.
The bullfrog zombie completely misses you.
You hit the bullfrog zombie but do no damage.
You kick the bullfrog zombie, but do no damage.
The bullfrog zombie is moderately damaged.
The bullfrog zombie misses you. The bullfrog zombie hits you!
You hit the bullfrog zombie. You kick the bullfrog zombie.
The bullfrog zombie is heavily damaged.
The bullfrog zombie misses you.
Casting: Magic Dart (safe; 1% risk of failure)
Confirm with . or Enter, or press ? or * to list all spells.
Aiming: Iskenderun's Mystic Blast (safe; 3% risk of failure)
Press: ? - help, Shift-Dir - straight line, f/p - bullfrog zombie
Aim: a bullfrog zombie (heavily damaged)
The orb of energy hits the bullfrog zombie!
The bullfrog zombie is severely damaged.
You are feeling very hungry.
The bullfrog zombie completely misses you.
Uskayaw will force your foes to share their pain.
You hit the bullfrog zombie.
The bullfrog zombie is severely damaged.
The bullfrog zombie completely misses you.
The bullfrog zombie misses you.
Uskayaw prepares the audience for your solo!
The helpless bullfrog zombie fails to defend itself.
You puncture the bullfrog zombie!
You destroy the bullfrog zombie!
Butcher a worker ant corpse? [(y)es/(n)o/(a)ll/(q)uit/?]
You butcher the worker ant corpse.
You butcher the hound corpse.
J - 3 chunks of flesh;
J - 6 chunks of flesh (gained 3)
You see here a hound skeleton.
There are no objects that can be picked up here. a hound skeleton You start resting.
Eating one of 6 chunks of flesh.
You eat one of the 6 chunks of flesh.
This raw flesh tastes terrible.
You are feeling hungry.
Eating one of 5 chunks of flesh.
You eat one of the 5 chunks of flesh.
This raw flesh tastes terrible.
You can no longer pass through a line of other dancers.
HP restored.
Magic restored.
e - 7 rations {!d} (gained 1)
Found a stone staircase leading down.
A worker ant comes into view.
A centaur comes into view.
The centaur shouts!
A centaur comes into view.
The centaur wields a +0 shortbow.
The centaur shoots an arrow.
The arrow closely misses you.
b - a +0 hunting sling (weapon)
The centaur shouts!
The centaur wields a +0 shortbow.
The centaur shoots an arrow.
The arrow hits you!!
Unknown command.
The centaur shoots an arrow.
The arrow hits you.
The centaur shoots an arrow.
The arrow hits you.
Found a stone staircase leading down.
Unknown command.
The centaur shoots an arrow.
The arrow barely misses you.
The centaur shoots an arrow.
The arrow hits you.
The centaur shoots an arrow.
The arrow closely misses you.
The centaur shoots an arrow.
The arrow hits you!
* * * LOW HITPOINT WARNING * * *
Casting: Iskenderun's Mystic Blast (safe; 3% risk of failure)
Confirm with . or Enter, or press ? or * to list all spells.
Aiming: Iskenderun's Mystic Blast (safe; 3% risk of failure)
Press: ? - help, Shift-Dir - straight line, f - centaur
Aim: a centaur, wielding a +0 shortbow and quivering 110 arrows The orb of energy hits the centaur!
The centaur is moderately wounded.
The orb of energy explodes!
The mystic blast hits the worker ant.
The worker ant is lightly wounded.
The worker ant twitches its antennae in your direction.
You are feeling hungry.
The centaur shoots an arrow.
The arrow barely misses you.
The centaur shoots an arrow.
The arrow barely misses you.
Casting: Iskenderun's Mystic Blast (safe; 3% risk of failure)
Confirm with . or Enter, or press ? or * to list all spells.
Aiming: Iskenderun's Mystic Blast (safe; 3% risk of failure)
Press: ? - help, Shift-Dir - straight line, f/p - centaur
Aim: a centaur, wielding a +0 shortbow and quivering 109 arrows (moderately wounded)
The orb of energy hits the centaur!
The centaur is severely wounded.
The orb of energy explodes!
The mystic blast hits the worker ant!
The worker ant is severely wounded.
The centaur shoots an arrow.
The arrow hits you!
You die...

#..........
#....c)...#
#>ca......#
#.........#
#.....>...########
..................
#.%.......?.....##
#......@.........#
##.................
#.................
#.#####.........# #
#.........#
#.........###
.########............
........รท<........#
#########.........#


You could see 2 centaurs and a worker ant.

Vanquished Creatures
  An ogre (D:4)
  3 crimson imps
  A bullfrog zombie (D:5)
  2 hounds
  An orc priest (D:4)
  A centaur skeleton (D:4)
  2 orc wizards
  2 worker ants
  8 adders
  A shadow imp (D:4)
  An ooze (D:2)
  4 worms
  2 leopard geckos
  11 orcs
  7 bats
  A giant cockroach (D:4)
  6 goblins
  8 hobgoblins
  11 jackals
  A quokka (D:3)
  2 ball pythons
  A frilled lizard (D:3)
  9 kobolds
  9 rats
95 creatures vanquished.

Vanquished Creatures (others)
  A bullfrog (D:5)
  A howler monkey (D:5)
  A worker ant (D:5)
  An iguana (D:5)
  An adder (D:5)
5 creatures vanquished.

Grand Total: 100 creatures vanquished

Notes
Turn   | Place    | Note
-------+----------+-------------------------------------------
     0 | D:1      | MisterOstroum the Demonspawn Conjurer began the quest for
                  | the Orb.
     0 | D:1      | Reached XP level 1. HP: 13/13 MP: 3/3
   179 | D:1      | Reached skill level 1 in Fighting
   250 | D:1      | Gained mutation: Your flesh is heat resistant. (rF+)
                  | [demonic ancestry]
   250 | D:1      | Reached XP level 2. HP: 21/21 MP: 0/5
   331 | D:1      | Learned a level 2 spell: Searing Ray
   891 | D:2      | Gained mutation: You have large cloven feet. [demonic
                  | ancestry]
   891 | D:2      | Reached XP level 3. HP: 26/26 MP: 6/6
  1063 | D:2      | Found an ornate altar of the Wu Jian Council.
  1080 | D:2      | Learned a level 3 spell: Iskenderun's Mystic Blast
  1852 | D:2      | Gained mutation: You have hoof-like feet. [demonic
                  | ancestry]
  1852 | D:2      | Reached XP level 4. HP: 32/32 MP: 4/7
  2124 | D:3      | Reached skill level 5 in Conjurations
  2439 | D:3      | Reached XP level 5. HP: 37/37 MP: 8/8
  2741 | D:3      | Found a sparkling altar of Nemelex Xobeh.
  2955 | D:3      | Found a hazy altar of Hepliaklqana.
  3453 | D:4      | Gained mutation: You are surrounded by a mild repulsion
                  | field. (EV +2) [demonic ancestry]
  3453 | D:4      | Reached XP level 6. HP: 43/43 MP: 2/9
  3617 | D:4      | Reached skill level 6 in Conjurations
  4012 | D:4      | Found Qomuthruat's Antique Armour Emporium.
  4103 | D:4      | Found a staircase to the Ecumenical Temple.
  4113 | D:4      | Reached skill level 1 in Shields
  4119 | D:4      | Gained mutation: You regenerate a little health from kills.
                  | [demonic ancestry]
  4119 | D:4      | Reached XP level 7. HP: 25/50 MP: 1/11
  4126 | Temple   | Entered the Ecumenical Temple
  4484 | Temple   | Learned a level 5 spell: Irradiate
  4484 | Temple   | Became a worshipper of Uskayaw the Reveler
  4663 | D:5      | Entered Level 5 of the Dungeon
  4668 | D:5      | Reached * piety under Uskayaw
  4671 | D:5      | Reached ** piety under Uskayaw
  4677 | D:5      | Reached *** piety under Uskayaw
  4684 | D:5      | Reached **** piety under Uskayaw
  4754 | D:5      | Shot with an arrow by a centaur

Skill      XL: |  1  2  3  4  5  6 |
---------------+-------------------+-----
Fighting       | 1 2 |  2.0
Dodging        | 2 3 |  3.0
Conjurations   | 5 6 |  6.7
Stealth        | 3 |  3.0
Spellcasting   | 3 |  3.3
Shields        | 1 |  1.4
Transmutations | |  0.5

Action                   |  1- 3 |  4- 6 |  7- 9 || total
-------------------------+-------+-------+-------++-------
Melee: Unarmed           |     3 |       |       ||     3
       Dagger            |    22 |    23 |    13 ||    58
       Kick              |     4 |     8 |     5 ||    17
 Fire: Hunting sling     |    34 |    44 |       ||    78
Throw: Stone             |     3 |     1 |       ||     4
 Cast: Magic Dart        |    66 |    63 |     4 ||   133
       Searing Ray       |     2 |     6 |       ||     8
       Iskenderun's Myst |       |    22 |     5 ||    27
  Use: Scroll            |       |     3 |       ||     3
 Stab: Paralysed         |       |       |     1 ||     1
  Eat: Chunk             |     6 |    15 |     4 ||    25
Armor: Robe              |     4 |     7 |       ||    11
Dodge: Dodged            |    34 |    47 |    25 ||   106
